 Dungeon Crawl Stone Soup version 0.29-a0-789-g7a8fcbc185 (webtiles) character file.

Game seed: 13580865573244629908

28 Pooter the Shooter (level 2, -1/26 HPs)
             Began as a Minotaur Hunter on July 2, 2022.
             Succumbed to a scorpion's poison
             ... on level 2 of the Dungeon.
             The game lasted 00:05:59 (949 turns).

Pooter the Shooter (Minotaur Hunter)                 Turns: 949, Time: 00:05:59

Health: -1/26      AC:  3    Str: 15    XL:     2   Next: 96%
Magic:  1/1        EV: 12    Int:  6    God:
Gold:   16         SH:  0    Dex: 13    Spells: 1/1 levels left

rFire   . . .      SeeInvis .   a - +0 spear
rCold   . . .      Faith    .   (no shield)
rNeg    . . .      Spirit   .   c - +0 leather armour
rPois   .          Reflect  .   (helmet restricted)
rElec   .          Harm     .   (no cloak)
rCorr   .          Rampage  .   (no gloves)
Will    .....                   (no boots)
Stlth   +.........              (no amulet)
HPRegen 0.08/turn               (no ring)
MPRegen 0.07/turn               (no ring)

@: brilliant, lethally poisoned (-1 -> -12)
A: horns 2, retaliatory headbutt
a: no special abilities


You were on level 2 of the Dungeon.
You visited 1 branch of the dungeon, and saw 2 of its levels.

You collected 16 gold pieces.

Inventory:

Hand Weapons
 a - a +0 spear (weapon)
   (You found it on level 1 of the Dungeon)
 b - a +0 shortbow
Missiles
 Q - 9 stones
Armour
 c - a +0 leather armour (worn)
Scrolls
 d - a scroll of immolation {!r}
 f - a scroll of vulnerability {unknown}
 h - a scroll of identify {unknown}
 i - a scroll of amnesia {unknown}
Potions
 e - a potion of brilliance
 g - a potion of attraction {unknown}


   Skills:
 + Level 3.0 Fighting
 * Level 5.0 Ranged Weapons
 - Level 2.1 Dodging
 + Level 1.3 Stealth


You had one spell level left.
You didn't know any spells.
Your spell library was empty.

Dungeon Overview and Level Annotations

Branches:
Dungeon (2/15)

Altars:

Annotations:
D:2 Sigmund


Innate Abilities, Weirdness & Mutations

You have a pair of horns on your head.
You reflexively headbutt those who attack you in melee.


Message History

Your Ranged Weapons skill increases to level 5!
You see here a quokka corpse.
b - a +0 shortbow (weapon)
A frilled lizard comes into view.
Found a scroll labelled EVVIRIE DURYP.
You shoot an arrow.
The arrow hits the frilled lizard but does no damage.
You shoot an arrow. The arrow hits the frilled lizard.
You kill the frilled lizard!
Found 7 gold pieces.
Found a stone staircase leading down.
i - a scroll labelled EVVIRIE DURYP You now have 16 gold pieces (gained 7).
You open the door.
There is an open door here.
You open the door.
There is an open door here.
A scorpion comes into view.
You shoot an arrow.
The arrow completely misses the scorpion.
You shoot an arrow. The arrow hits the scorpion.
You shoot an arrow. The arrow closely misses the scorpion.
a - a +0 spear (weapon)
The scorpion stings you but does no damage.
You hit the scorpion. Your headbutt misses the scorpion.
The scorpion stings you.
You closely miss the scorpion. You headbutt the scorpion.
The scorpion barely misses you. You furiously retaliate!
You headbutt the scorpion. The scorpion stings you.
You hit the scorpion but do no damage. The scorpion stings you.
You are poisoned.
The scorpion poisons you!
You closely miss the scorpion. Your headbutt misses the scorpion.
You feel sick. The scorpion stings you.
You are lethally poisoned!
The scorpion poisons you!
You closely miss the scorpion.
* * * LOW HITPOINT WARNING * * *
You feel very sick. The scorpion stings you.
* * * LOW HITPOINT WARNING * * *
The scorpion completely misses you.
You completely miss the scorpion. Your headbutt misses the scorpion.
* * * LOW HITPOINT WARNING * * *
You feel very sick. The scorpion stings you.
* * * LOW HITPOINT WARNING * * *
Unknown command.
It was a potion of brilliance.
You feel clever all of a sudden.
You die...

#...............
#..#.##############
#..#.# #..#.#
#..#.# #..#.#
###### #..#.#
#....###### #.s#.#
#.......... #.@#.#
#.....#####
#..#.####.....#
#..#.#........#
#..#.#........#
#............>...
##.#.#.......####
#.#.#.......+
#.#.#.......#
#.#.#...###.#


You could see a scorpion.

Vanquished Creatures
  A dart slug (D:1)
  A bat (D:1)
  An endoplasm (D:1)
  3 giant cockroaches (D:1)
  4 jackals (D:1)
  2 quokkas
  5 ball pythons (D:1)
  2 frilled lizards
  2 goblins (D:1)
  2 kobolds (D:1)
  A rat (D:1)
24 creatures vanquished.

Vanquished Creatures (others)
  2 fungi (D:1)
  A plant (D:1)
3 creatures vanquished.

Grand Total: 27 creatures vanquished

Notes
Turn   | Place    | Note
-------+----------+-------------------------------------------
     0 | D:1      | Pooter the Minotaur Hunter began the quest for the Orb.
     0 | D:1      | Reached XP level 1. HP: 18/18 MP: 0/0
    53 | D:1      | Reached skill level 1 in Stealth
    58 | D:1      | Reached XP level 2. HP: 23/25 MP: 1/1
   565 | D:1      | Found a faded altar of an unknown god.
   817 | D:2      | Noticed Sigmund
   827 | D:2      | Reached skill level 5 in Ranged Weapons
   937 | D:2      | Noticed a scorpion
   948 | D:2      | HP: 1/26 [scorpion (3)]
   949 | D:2      | Succumbed to a scorpion's poison

Illustrated notes

Levels and vault maps discovered:
D:1:      wander_arrival_abandoned_jail, layout_basic,
          shapermc_ecumenical_altar_mp_urbaneastern, kennysheep_flooded_box
D:2:      layout_basic, serial_shops, nicolae_shop_bloodbath_and_beyond,
          uniq_sigmund, uniq_terence

Skill      XL: |  1  2 |
---------------+-------+-----
Stealth        | 1 |  1.3
Fighting       | 3 |  3.0
Ranged Weapons | 5 |  5.0
Dodging        | |  2.1

Action                   || total
-------------------------++-------
Melee: Spear             ||    17
       Headbutt          ||     5
 Fire: Shortbow          ||    46
  Use: Potion            ||     1
Armor: Leather armour    ||     8
Dodge: Dodged            ||    10

Table legend: (Time is in decaauts)
 A = Elapsed time spent in this place.
 B = Non-inter-level travel time spent in this place.
 C = Inter-level travel time spent in this place.
 D = Time resting spent in this place.
 E = Time spent auto-exploring this place.
 F = Levels seen in this place.
 G = Mean time per level.
                   A        B        C        D        E       F      G
               +--------+--------+--------+--------+--------+-----+--------+
         Total |    959 |    930 |     29 |      0 |    671 |   2 |  479.5 |
       Dungeon |    959 |    930 |     29 |      0 |    671 |   2 |  479.5 |
               +--------+--------+--------+--------+--------+-----+--------+

Top non-repeatable levels by time:
     D:1: 809 daAuts
     D:2: 150 daAuts
